 Dungeon Crawl Stone Soup version 0.27-a0-1324-ge0d8e047f6 (webtiles) character file.

Game seed: 12933386015336786894

11918 Delamore the Spear-Bearer (level 12, -5/93 HPs)
             Began as a Formicid Fighter on June 23, 2021.
             Was an Initiate of Gozag.
             Hit by a silver javelin thrown by a minotaur (10 damage)
             ... in a Gauntlet.
             The game lasted 00:17:02 (13792 turns).

Delamore the Spear-Bearer (Formicid Fighter)       Turns: 13792, Time: 00:17:02

Health: -5/93      AC: 22    Str: 32    XL:     12   Next: 13%
Magic:  12/12      EV:  7    Int:  8    God:    Gozag
Gold:   304        SH: 13    Dex: 10    Spells: 11/11 levels left

rFire    . . .     SeeInvis +   a - +0 trident
rCold    + . .     Faith    .   c - +1 kite shield
rNeg     . . .     Spirit   .   h - +7 plate armour of Silly Awe {rElec rPois rF- rC+}
rPois    +         Reflect  .   (helmet unavailable)
rElec    +         Harm     .   p - +0 cloak
rCorr    +         Rampage  .   v - +2 pair of gloves {archery}
Will     +....                  (no boots)
Stlth    ..........             (no amulet)
HPRegen  0.25/turn              N - ring of Disaster {rElec rPois rF+ rCorr}
MPRegen  0.13/turn              B - +6 ring of strength

@: mighty
A: permanent stasis, dig shafts and tunnels, antennae 3, four strong arms
a: Dig, Renounce Religion, Potion Petition, Call Merchant, Bribe Branch


You were in a Gauntlet.
You worshipped Gozag.
Gozag was aware of your devotion.
You visited 3 branches of the dungeon, and saw 11 of its levels.
You also visited: Gauntlet.

You collected 1290 gold pieces.
You paid 986 gold pieces to Gozag.

Inventory:

Hand Weapons
 a - a +0 trident (weapon)
 g - a +0 glaive
Missiles
 f - 70 poisoned darts (quivered)
 m - 19 boomerangs
 u - 5 throwing nets
Armour
 b - a +0 crystal plate armour
 c - a +1 kite shield (worn)
 e - a +2 pair of gloves
 h - the +7 plate armour of Silly Awe (worn) {rElec rPois rF- rC+}
   (You acquired it on level 2 of the Dungeon)

   It makes you vulnerable to fire.
   It protects you from cold.
   It insulates you from electricity.
   It protects you from poison.
 i - a +2 chain mail of willpower
 p - a +0 cloak (worn)
 v - a +2 pair of gloves of archery (worn)
Jewellery
 B - a +6 ring of strength (right hand)
 E - a +4 ring of protection
 F - a +6 ring of strength
 K - a ring of magical power
 N - the ring of Disaster (left hand) {rElec rPois rF+ rCorr}
   (You found it in a Gauntlet)

   [ring of resist corrosion]

   It protects you from fire.
   It insulates you from electricity.
   It protects you from poison.
   It protects you from acid and corrosion.
Wands
 q - a wand of iceblast (20)
 r - a wand of mindburst (6)
 w - a wand of paralysis (2)
 y - a wand of flame (12)
 D - a wand of digging (1)
 G - a wand of acid (4)
 L - a wand of polymorph (8)
Scrolls
 k - 2 scrolls of amnesia
 x - 3 scrolls of enchant armour
 J - a scroll of immolation
Potions
 j - 5 potions of curing
 l - 2 potions of degeneration
 n - 2 potions of lignification {unknown}
 o - a potion of invisibility {unknown}
 s - 2 potions of flight {unknown}
 t - 2 potions of ambrosia
 z - a potion of magic {unknown}
 A - a potion of attraction {unknown}
 C - a potion of haste {unknown}
 H - a potion of brilliance {unknown}
 I - 2 potions of berserk rage {unknown}
 O - 2 potions of mutation {unknown}


   Skills:
 + Level 8.2 Fighting
 - Level 14.0 Polearms
 - Level 3.2 Armour
 + Level 8.0 Shields
 + Level 8.2 Evocations


You had 11 spell levels left.
You didn't know any spells.
Your spell library contained the following spells:

 Spells                   Type           Power      Damage    Failure   Level
 Magic Dart               Conj           0%         1d3       99%         1
 Sandblast                Erth           0%         2d4       99%         1
 Call Imp                 Summ           0%         N/A       100%        2
 Passwall                 Tmut/Erth      0%         N/A       100%        2
 Slow                     Hex            0%         N/A       100%        2
 Conjure Flame            Conj/Fire      0%         6-21      100%        3
 Mephitic Cloud           Conj/Pois/Air  0%         N/A       100%        3
 Stone Arrow              Conj/Erth      0%         3d7       100%        3
 Petrify                  Tmut/Erth      0%         N/A       100%        4
 Lee's Rapid Deconstruct  Erth           0%         3d5*      100%        5
 Blink                    Tloc           Unusable   N/A       N/A         2

Dungeon Overview and Level Annotations

Branches:
Dungeon (9/15)             Temple (1/1) D:4            Lair (1/6) D:9
Gauntlet (1/1)
    Orc: D:9-12

Altars:
Ashenzari
Cheibriados
Dithmenos
Elyvilon
Fedhas
Gozag
Hepliaklqana
Makhleb
Nemelex Xobeh
Okawaru
Ru
Sif Muna
Uskayaw
Vehumet
Wu Jian
Xom
Yredelemnul
Zin
The Shining One

Shops:
D:9 (

Annotations:
Gauntlet 8 transporters, 1 runed translucent door, exclusion: orange crystal statue


Innate Abilities, Weirdness & Mutations

You cannot be hasted, slowed, berserked, paralysed or teleported.
You can dig through walls and to a lower floor.
You have a pair of large antennae on your head. (SInv)
Your four strong arms can wield two-handed weapons with a shield.


Message History

The minotaur hits you with a +1 eveningstar of holy wrath!!
The minotaur gores you. The minotaur blocks your attack.
The minotaur is lightly wounded.
The minotaur hits you but does no damage.
You block the minotaur's attack. The minotaur blocks your attack.
The minotaur is lightly wounded.
The minotaur blocks your attack.
The minotaur is lightly wounded.
You block the minotaur's attack. The minotaur completely misses you.
You hit the minotaur but do no damage.
The minotaur is lightly wounded.
The minotaur hits you with a +1 eveningstar of holy wrath!!
* * * LOW HITPOINT WARNING * * *
You block the minotaur's attack.
Okay, then. [a] - 130 gold - heal wounds [b] - 230 gold - resistance [c] - 576 gold - invisibility, might, brilliance and magic Purchase which effect?
You no longer have enough gold to petition Gozag for potion effects.
You feel much better. You block the minotaur's attack.
The minotaur barely misses you.
Okay, then.
Okay, then.
Okay, then.
As you read the scroll of fear, it crumbles to dust.
You assume a fearsome visage.
The minotaur looks frightened!
Aiming: Corrosive Bolt
Press: ? - help, Shift-Dir - straight line, f/p - minotaur
Aim: a minotaur, wielding a +1 eveningstar of holy wrath, wearing the +6 shadow dragon scales of Ashenzari's Whim {rElec rN+ Str+3 Dex-3 Stlth++++}, wearing the +0 kite shield of Compassion {Regen+ rCorr Int+4 Dex-3} and quivering silver javelins (lightly wounded, fleeing, 88% to hit)
The bolt of acid hits the minotaur!
The minotaur is lightly wounded.
Your attack snaps the minotaur out of its fear.
The minotaur throws a silver javelin.
The silver javelin pierces through you!!
* * * LOW HITPOINT WARNING * * *
You die...
Your body crumbles into a pile of gold.

≈#≈#§#≈#§####.......####≈#≈#≈#≈#§
############..8.8.8..############
##...©.©.©...## .............#
.#.#######.#.# ...#....# #
#.#.##.#.##.#.# #....H........#
#.#..##@##..#.# # #8.8#..#.#
#...#....# #8.8#.8### #[.[# ##
#8.8# #[.[# #8∩8#


You could see a minotaur.

Vanquished Creatures
  Harold (D:8)
  A great orb of eyes (Gauntlet)
  A two-headed ogre (D:8)
  A glowing orange brain (Gauntlet)
  Pikel (D:6)
  3 ugly things (Gauntlet)
  A cyclops (D:9)
  Maurice (D:9)
  Joseph (D:7)
  A cane toad (Lair:1)
  Psyche (D:8)
  Prince Ribbit (D:8)
  Sigmund (D:2)
  2 wyverns (D:9)
  12 yaks
  A basilisk (D:9)
  3 steam dragons
  Menkaure (D:7)
  3 water moccasins
  A black bear (D:7)
  2 orc warriors
  A sky beast (D:6)
  A hornet zombie (D:8)
  3 ogres (D:5)
  2 necrophages
  3 centaurs
  A phantom (D:7)
  A lemure (D:7)
  A kobold brigand (D:9)
  2 bullfrogs
  2 scorpions
  4 killer bees (D:8)
  9 wights (D:8)
  A bullfrog zombie (D:6)
  A bullfrog skeleton (D:7)
  Crazy Yiuf (D:4)
  2 hounds
  A centaur skeleton (D:6)
  An orc priest (D:7)
  Terence (D:2)
  5 iguanas
  7 orc wizards
  2 hound zombies (D:5)
  A hound skeleton (D:5)
  Robin (D:2)
  2 howler monkey zombies (D:8)
  A howler monkey skeleton (D:7)
  8 adders
  7 gnolls
  A shadow imp (D:5)
  3 white imps (D:5)
  A worm (D:1)
  3 dart slugs (D:2)
  40 orcs
  12 ball pythons
  8 endoplasms
  6 giant cockroaches
  16 goblins
  6 hobgoblins
  12 jackals
  6 kobolds
  2 quokkas
  2 bats
  3 frilled lizards
  3 rats
236 creatures vanquished.

Vanquished Creatures (others)
  An ice beast (D:8)
  5 fungi
  15 plants
21 creatures vanquished.

Grand Total: 257 creatures vanquished

Notes
Turn   | Place    | Note
-------+----------+-------------------------------------------
     0 | D:1      | Delamore the Formicid Fighter began the quest for the Orb.
     0 | D:1      | Reached XP level 1. HP: 18/18 MP: 1/1
   332 | D:1      | Reached XP level 2. HP: 9/24 MP: 2/2
   936 | D:1      | Reached XP level 3. HP: 29/29 MP: 3/3
   960 | D:1      | Reached skill level 3 in Polearms
  1730 | D:2      | Identified the +2 helmet "Giangiecs" {Contam Dex+4 Slay+2}
  1730 | D:2      | Noticed Robin
  2193 | D:2      | Killed Robin
  2194 | D:2      | Reached XP level 4. HP: 19/37 MP: 4/4
  2404 | D:2      | Noticed Terence
  2414 | D:2      | Killed Terence
  2415 | D:2      | Reached skill level 4 in Polearms
  2653 | D:2      | Reached XP level 5. HP: 42/42 MP: 5/5
  2970 | D:2      | Noticed Sigmund
  3199 | D:2      | Killed Sigmund
  3200 | D:2      | Reached skill level 5 in Fighting
  3200 | D:2      | Reached skill level 5 in Polearms
  3200 | D:2      | Reached XP level 6. HP: 47/51 MP: 6/6
  3377 | D:2      | Identified a scroll of acquirement
  3377 | D:2      | Acquired the +7 plate armour of Silly Awe {rElec rPois rF-
                  | rC+}
  3724 | D:3      | Found a faded altar of an unknown god.
  3925 | D:3      | Reached skill level 6 in Polearms
  3925 | D:3      | Reached XP level 7. HP: 49/56 MP: 7/7
  4880 | D:4      | Noticed a steam dragon
  4895 | D:4      | Killed a steam dragon
  5312 | D:4      | Found a staircase to the Ecumenical Temple.
  5322 | Temple   | Entered the Ecumenical Temple
  5604 | D:4      | Found a runed translucent door.
  5605 | D:4      | Noticed Crazy Yiuf
  5617 | D:4      | Killed Crazy Yiuf
  5618 | D:4      | Reached skill level 7 in Polearms
  5832 | D:5      | Entered Level 5 of the Dungeon
  6030 | D:5      | Found an iron altar of Okawaru.
  6134 | D:5      | Reached skill level 8 in Polearms
  6134 | D:5      | Reached XP level 8. HP: 62/62 MP: 8/8
  6163 | D:5      | Found a glowing golden altar of the Shining One.
  6595 | D:5      | Reached skill level 9 in Polearms
  7399 | D:6      | Found a shimmering altar of Xom.
  7403 | D:6      | Found a shadowy altar of Dithmenos.
  7573 | D:6      | Reached skill level 1 in Evocations
  7730 | D:6      | Reached skill level 10 in Polearms
  7730 | D:6      | Reached XP level 9. HP: 68/68 MP: 9/9
  7787 | D:6      | Found an opulent altar of Gozag.
  7787 | D:6      | Found a sparkling altar of Nemelex Xobeh.
  7793 | D:6      | Became a worshipper of Gozag Ym Sagoz the Greedy
  8059 | D:7      | Noticed Pikel
  8112 | D:6      | Killed Pikel
  8363 | D:7      | Reached skill level 11 in Polearms
  8579 | D:7      | Noticed Joseph
  8595 | D:7      | Killed Joseph
  8847 | D:7      | Noticed Menkaure
  8891 | D:7      | Killed Menkaure
  8892 | D:7      | Reached skill level 5 in Evocations
  8892 | D:7      | Reached XP level 10. HP: 26/74 MP: 10/10
  9399 | D:7      | You fall into a shaft and drop 1 floor!
  9399 | D:8      | Found a white marble altar of Elyvilon.
  9405 | D:8      | Reached skill level 12 in Polearms
  9531 | D:8      | Noticed Harold
  9543 | D:8      | Killed Harold
  9544 | D:8      | Reached skill level 13 in Polearms
  9613 | D:8      | Noticed Psyche
  9614 | D:8      | Noticed a two-headed ogre
  9700 | D:8      | Found a hide-covered altar of Uskayaw.
  9902 | D:8      | Killed Psyche
 10300 | D:8      | Noticed Prince Ribbit
 10317 | D:8      | Killed Prince Ribbit
 10367 | D:8      | Killed a two-headed ogre
 10368 | D:8      | Reached skill level 14 in Polearms
 10368 | D:8      | Reached XP level 11. HP: 38/80 MP: 11/11
 10852 | D:9      | Noticed a cyclops
 10861 | D:9      | Killed a cyclops
 10913 | D:9      | Reached skill level 5 in Shields
 11267 | D:9      | Found a staircase to the Lair.
 11671 | D:9      | Noticed Maurice
 11988 | D:9      | Killed Maurice
 12675 | Lair:1   | Entered Level 1 of the Lair of Beasts
 12784 | Lair:1   | Found a gate leading to a gauntlet.
 12814 | Gauntlet | Entered a Gauntlet
 12814 | Gauntlet | Found a transporter.
 12815 | Gauntlet | Noticed a white ugly thing
 12816 | Gauntlet | Noticed a cyan ugly thing
 12817 | Gauntlet | Found a transporter.
 12817 | Gauntlet | Noticed a glowing orange brain
 12819 | Gauntlet | Found a transporter.
 12821 | Gauntlet | Found a transporter.
 12822 | Gauntlet | Found a transporter.
 12823 | Gauntlet | Found a transporter.
 12826 | Gauntlet | Noticed a great orb of eyes
 12831 | Gauntlet | Noticed a fire crab
 12833 | Gauntlet | Noticed a green ugly thing
 12842 | Gauntlet | Found a transporter.
 12860 | Gauntlet | Found a transporter.
 12916 | Gauntlet | Noticed a death yak
 12916 | Gauntlet | Noticed a death yak
 12916 | Gauntlet | Noticed a death yak
 12916 | Gauntlet | Noticed a necromancer
 12917 | Gauntlet | Noticed a death yak
 12918 | Gauntlet | Noticed a death yak
 12919 | Gauntlet | Found a transporter.
 12925 | Gauntlet | Found a transporter.
 12925 | Gauntlet | Found a transporter.
 12930 | Gauntlet | Found a runed translucent door.
 12936 | Gauntlet | Found a transporter.
 12937 | Gauntlet | Noticed an orange crystal statue
 13056 | Gauntlet | Killed a white ugly thing
 13060 | Gauntlet | Killed a glowing orange brain
 13071 | Gauntlet | Killed a red ugly thing
 13417 | Gauntlet | Killed a great orb of eyes
 13418 | Gauntlet | Reached XP level 12. HP: 59/92 MP: 8/12
 13748 | Gauntlet | Identified the ring of Disaster {rElec rPois rF+ rCorr}
 13780 | Gauntlet | Identified the +6 shadow dragon scales of Ashenzari's Whim
                  | {rElec rN+ Str+3 Dex-3 Stlth++++}
 13780 | Gauntlet | Identified the +0 kite shield of Compassion {Regen+ rCorr
                  | Int+4 Dex-3}
 13780 | Gauntlet | Noticed a minotaur
 13792 | Gauntlet | Hit by a silver javelin thrown by a minotaur

Illustrated notes

Levels and vault maps discovered:
D:1:      eino_arrival_water_cross, layout_basic, serial_bayou_pond_b,
          patterned_corridor
D:2:      layout_loops_ring, minivault_19, uniq_robin, uniq_terence,
          uniq_sigmund
D:3:      layout_basic, hellmonk_ecumenical_altar_pennies_from_heaven
D:4:      layout_loops_cross, minmay_temple_entry_waves, uniq_crazy_yiuf_cottage
D:5:      layout_cave_pools, kennysheep_mini, serial_park, serial_park_paths
          [serial_park_minivault_5x5_2], serial_park_square3
          [serial_park_minivault_5x5_4], serial_park_square3
          [serial_park_minivault_5x5_5], serial_park_tiny_1,
          serial_park_tiny_pond, serial_park_tiny_2, serial_park_tiny_2,
          st_stairs_13
D:6:      layout_loops_ring, grunt_temple_overflow_opulence, minitemple
D:7:      layout_rooms, uniq_pikel, uniq_menkaure, uniq_joseph
D:8:      layout_basic, hangedman_feature_mirror, uniq_harold, uniq_psyche,
          uniq_prince_ribbit1
D:9:      layout_gridville, minmay_lair_entry_grove, minmay_sticks_and_stones,
          uniq_maurice
Temple:   dshaligram_water_room_temple
Lair:1:   layout_gridlike, gauntlet_entry_generic, serial_rivers,
          chequers_serial_rivers_large_a, chequers_serial_rivers_small_a,
          chequers_serial_rivers_small_b, chequers_serial_rivers_large_b,
          chequers_serial_rivers_micro_c, chequers_serial_rivers_small_b,
          grunt_megastairs_3
Gauntlet: minmay_gauntlet_mixed_oops_all_seconds
          [minmay_gauntlet_arena_77_terracotta_army,
          nicolae_gauntlet_arena_blocks, minmay_gauntlet_arena_77_path,
          nicolae_gauntlet_arena_flowing_pool, minmay_gauntlet_arena_77_mess,
          gammafunk_gauntlet_arena_corners,
          nicolae_gauntlet_exit_dead_adventurers]

Skill      XL: |  1  2  3  4  5  6  7  8  9 10 11 12 |
---------------+-------------------------------------+-----
Polearms       | 3 4 5 6 8 10 11 14 | 14.0
Fighting       | 4 5 8 |  8.2
Evocations     | 1 5 8 |  8.2
Shields        | 4 7 8 |  8.0
Armour         | |  3.2

Action                   |  1- 3 |  4- 6 |  7- 9 | 10-12 || total
-------------------------+-------+-------+-------+-------++-------
Melee: Trident           |   126 |   185 |   442 |   582 ||  1335
Throw: Dart              |       |     8 |    19 |    48 ||    75
Invok: Call Merchant     |       |       |       |     1 ||     1
       Potion Petition   |       |       |       |     1 ||     1
 Abil: Dig               |     2 |     6 |     5 |     9 ||    22
Evoke: Wand              |       |       |     1 |    18 ||    19
  Use: Scroll            |     1 |     3 |     6 |     4 ||    14
       Potion            |       |       |     2 |     4 ||     6
 Stab: Distracted        |       |       |     1 |     2 ||     3
       Paralysed         |       |       |     7 |    24 ||    31
Armor: Scale mail        |    71 |     3 |       |       ||    74
       Chain mail        |       |    38 |       |       ||    38
       Plate armour      |       |    77 |   213 |   218 ||   508
Dodge: Dodged            |    45 |    48 |    66 |    78 ||   237
Block: Kite shield       |    84 |   105 |   217 |   214 ||   620

Table legend: (Time is in decaauts)
 A = Elapsed time spent in this place.
 B = Non-inter-level travel time spent in this place.
 C = Inter-level travel time spent in this place.
 D = Time resting spent in this place.
 E = Time spent auto-exploring this place.
 F = Levels seen in this place.
 G = Mean time per level.
                   A        B        C        D        E       F      G
               +--------+--------+--------+--------+--------+-----+--------+
         Total |  13806 |  13320 |    486 |   3804 |   6758 |  12 | 1150.5 |
       Dungeon |  12595 |  12131 |    464 |   3375 |   6452 |   9 | 1399.4 |
        Temple |    135 |    113 |     22 |      0 |    109 |   1 |  135.0 |
          Lair |    122 |    122 |      0 |      0 |     12 |   1 |  122.0 |
      Gauntlet |    952 |    952 |      0 |    429 |    185 |   1 |  952.0 |
               +--------+--------+--------+--------+--------+-----+--------+

Top non-repeatable levels by time:
     D:1: 2208 daAuts
     D:8: 1912 daAuts
     D:3: 1575 daAuts
     D:9: 1253 daAuts
     D:4: 1250 daAuts
     D:7: 1230 daAuts
     D:2: 1146 daAuts
     D:6: 1111 daAuts
Gauntlet: 952 daAuts
     D:5: 907 daAuts
  Temple: 135 daAuts
  Lair:1: 122 daAuts
